 Dungeon Crawl Stone Soup version 0.26-b1-32-g5d43845318 (webtiles) character file.

Game seed: 13196858087426168194

1242 roguesci the Changer (level 8, 0/42 HPs)
             Began as a Vine Stalker Transmuter on Jan 9, 2021.
             Was an Initiate of Gozag.
             Succumbed to a water moccasin's poison
             ... on level 6 of the Dungeon.
             The game lasted 00:16:04 (6247 turns).

roguesci the Changer (Vine Stalker Transmuter)      Turns: 6247, Time: 00:16:05

Health: 0/42       AC:  6    Str: 11 (13) XL:     8   Next: 49%
Magic:  5/14       EV: 21    Int: 13 (15) God:    Gozag
Gold:   548        SH:  0    Dex: 17 (20) Spells: 10/14 levels left

rFire    . . .     SeeInvis .     - Unarmed
rCold    . . .     Faith    .   (shield currently unavailable)
rNeg     + . .     Spirit   +   (armour currently unavailable)
rPois    x         Reflect  .   (helmet currently unavailable)
rElec    .         Harm     .   (cloak currently unavailable)
rCorr    .         Rampage  .   (gloves currently unavailable)
Will     +....                  (boots currently unavailable)
Stlth    +++.......             w - amulet of magic regeneration
HPRegen  0.54/turn              n - +4 ring of protection
MPRegen  0.39/turn              y - ring of positive energy

@: mighty, brilliant, lethally poisoned (0 -> -16), spider-form (expiring),
flying, very slightly contaminated
A: tiny, sense surroundings 1, regeneration 1, magic shield, no potion heal 3
a: End Transformation, Renounce Religion, Potion Petition, Call Merchant, Bribe
Branch


You were on level 6 of the Dungeon.
You worshipped Gozag.
Gozag was pleased with you.
You were a venomous arachnid creature.
You visited 2 branches of the dungeon, and saw 7 of its levels.

You collected 609 gold pieces.
You paid 61 gold pieces to Gozag.

Inventory:

Hand Weapons
 q - a +1 dagger of speed
Armour
 a - a +0 robe (melded)
 v - a +0 pair of gloves (melded)
Jewellery
 n - a +4 ring of protection (left front leg)
 w - an amulet of magic regeneration (around neck)
 y - a ring of positive energy (right front leg)
Wands
 p - a wand of iceblast (9)
Scrolls
 c - 2 scrolls of enchant weapon {unknown}
 d - a scroll of fog {unknown}
 f - 2 scrolls of identify
 h - 7 scrolls of remove curse
 j - 5 scrolls of teleportation {unknown}
 k - 2 scrolls of noise {unknown}
 l - a scroll of fear {unknown}
 m - a scroll of enchant armour {unknown}
 o - a scroll of immolation {unknown}
 r - 2 scrolls of amnesia {unknown}
 u - a scroll of blinking {unknown}
Potions
 b - a potion of flight
 g - a potion of ambrosia
 i - 3 potions of degeneration
 s - 2 potions of magic
 A - a potion of heal wounds {unknown}


   Skills:
 * Level 4.3 Fighting
 + Level 3.1 Dodging
 + Level 4.0 Stealth
 + Level 4.3 Unarmed Combat
 + Level 3.9 Spellcasting
 * Level 5.0 Transmutations
 + Level 2.8 Poison Magic


You had 10 spell levels left.
You knew the following spells:

 Your Spells              Type           Power        Failure   Level
a - Beastly Appendage     Tmut           46%          10%         1
b - Spider Form           Tmut/Pois      9%           28%         3

Your spell library contained the following spells:

 Spells                   Type           Power        Failure   Level
 Wereblood                Tmut           23%          13%         2
 Magic Dart               Conj           12%          43%         1
 Searing Ray              Conj           6%           54%         2
 Dazzling Flash           Conj/Hex       6%           75%         3
 Ice Form                 Ice/Tmut       13%          78%         4
 Blade Hands              Tmut           11%          78%         5
 Fulminant Prism          Conj/Hex       1%           98%         4
 Iskenderun's Mystic Bla  Conj/Tloc      3%           98%         4


Dungeon Overview and Level Annotations

Branches:
Dungeon (6/15)             Temple (1/1) D:4

Altars:
Dithmenos
Elyvilon
Fedhas
Gozag
Hepliaklqana
Kikubaaqudgha
Makhleb
Nemelex Xobeh
Okawaru
Ru
Sif Muna
Trog
Uskayaw
Vehumet
Wu Jian
Xom
The Shining One

Shops:
D:4 }


Innate Abilities, Weirdness & Mutations

((You have razor-sharp teeth.))
Your natural rate of healing is unusually fast.
When hurt, damage is shared between your health and your magic reserves.
((Your bite disrupts and absorbs the magic of your enemies.))
Potions cannot restore your health.
((You have large cloven feet.))
You passively map a small area around you.


Message History

The hound closely misses you.
You feel sick. The water moccasin closely misses you. The adder misses you.
You feel sick. The hound misses you.
Your transformation is almost over.
You feel sick. The hound closely misses you. The water moccasin bites you.
* * * LOW HITPOINT WARNING * * *
You are lethally poisoned!
The water moccasin poisons you! The adder closely misses you.
* * * LOW HITPOINT WARNING * * *
You feel sick.
It was a potion of might.
You feel very mighty all of a sudden.
* * * LOW HITPOINT WARNING * * *
You feel very sick. The hound misses you. The hound completely misses you.
It was a potion of mutation.
You feel extremely strange.
Your vision sharpens.
Your feet thicken and deform.
You feel a strange attunement to the structure of the dungeons.
You die...
Your body crumbles into a pile of gold.

#......## .##..
####.......#. ##..
#..#......... ...
#<..#.......#. ...
#...###...#.# ##.
##............ #.. ###
##...##.....#. , #.#
###..###.....#.....# ,. *
#.....#.S#s##......# ,
#......Sh####.....#..
#........#.##........ **#.
##..............####......
##.............####..# ...
#...............##...# #..
##...............#...###..
#.....................#..
#......>.................


You could see a water moccasin and a hound.

Vanquished Creatures
  Sigmund (D:3)
  A sky beast (D:5)
  An ogre (D:4)
  A bullfrog (D:6)
  4 wights (D:6)
  2 howler monkeys
  2 hounds
  A jelly (D:6)
  2 orc priests
  A centaur skeleton (D:4)
  4 worker ants
  4 gnolls
  8 adders
  3 river rats (D:4)
  2 white imps
  2 oozes
  8 worms
  A dart slug (D:1)
  5 leopard geckos
  19 orcs
  4 ball pythons
  5 bats
  7 giant cockroaches
  11 goblins
  4 hobgoblins
  9 jackals
  3 kobolds
  A quokka (D:6)
  6 frilled lizards
  A leopard gecko skeleton (D:4)
  14 rats
137 creatures vanquished.

Vanquished Creatures (others)
  A fungus (D:3)
  8 plants (D:3)
9 creatures vanquished.

Grand Total: 146 creatures vanquished

Notes
Turn   | Place    | Note
-------+----------+-------------------------------------------
     0 | D:1      | roguesci the Vine Stalker Transmuter began the quest for
                  | the Orb.
     0 | D:1      | Reached XP level 1. HP: 9/9 MP: 4/4
   116 | D:1      | Reached skill level 1 in Fighting
   315 | D:1      | Reached XP level 2. HP: 13/14 MP: 4/6
   950 | D:2      | Reached skill level 1 in Stealth
   976 | D:2      | Reached XP level 3. HP: 16/18 MP: 7/7
  1394 | D:2      | Learned a level 3 spell: Spider Form
  1712 | D:2      | Gained mutation: Your natural rate of healing is unusually
                  | fast. [Vine Stalker growth]
  1712 | D:2      | Reached XP level 4. HP: 19/23 MP: 5/8
  2363 | D:3      | Noticed Sigmund
  2406 | D:3      | Gained mutation: Scrolls take you a little longer to read.
                  | [mutagenic glow]
  2443 | D:3      | Killed Sigmund
  2444 | D:3      | Reached skill level 3 in Transmutations
  2444 | D:3      | Reached skill level 1 in Poison Magic
  2444 | D:3      | Reached XP level 5. HP: 19/27 MP: 2/10
  2444 | D:3      | Reached XP level 6. HP: 22/32 MP: 2/11
  2576 | D:3      | Found a sacrificial altar of Ru.
  3368 | D:4      | Found Noani's Gadget Emporium.
  3475 | D:4      | Found a glowing golden altar of the Shining One.
  3563 | D:4      | Reached XP level 7. HP: 33/36 MP: 10/12
  3970 | D:4      | Found a shadowy altar of Dithmenos.
  3972 | D:4      | Found a white marble altar of Elyvilon.
  3996 | D:4      | Reached skill level 4 in Transmutations
  4319 | D:4      | Found a staircase to the Ecumenical Temple.
  4458 | D:4      | Found a blossoming altar of Fedhas.
  4636 | Temple   | Entered the Ecumenical Temple
  4777 | Temple   | Became a worshipper of Gozag Ym Sagoz the Greedy
  4807 | D:5      | Entered Level 5 of the Dungeon
  5753 | D:6      | Gained mutation: You have razor-sharp teeth. [Vine Stalker
                  | growth]
  5753 | D:6      | Reached XP level 8. HP: 41/42 MP: 11/14
  6189 | D:6      | Reached skill level 5 in Transmutations
  6246 | D:6      | HP: 1/42 [poisoned by a water moccasin]
  6247 | D:6      | Lost mutation: Scrolls take you a little longer to read.
                  | [potion of mutation]
  6247 | D:6      | Gained mutation: You have large cloven feet. [potion of
                  | mutation]
  6247 | D:6      | Gained mutation: You passively map a small area around you.
                  | [potion of mutation]
  6247 | D:6      | Succumbed to a water moccasin's poison

Illustrated notes

Levels and vault maps discovered:
D:1:      lightli_arrival_statue_moat, layout_loops_ring,
          minmay_misc_feat_diagonals, kennysheep_boxes
D:2:      layout_loops_ring
D:3:      layout_rooms, nicolae_ru_the_path_less_chosen, hangedman_glass_teeth,
          serial_bayou_pond_d, kennysheep_generic_room_3, uniq_sigmund
D:4:      layout_basic, chequers_temple_overflow_statue_of_worship,
          fedhas_altar_4, temple_green, serial_shops, shop,
          gup_sewer_entry_spiral, tso_metal_star
D:5:      layout_basic, chequers_garden, minmay_fractal_squares_diagonal_5
D:6:      layout_cave_pools
Temple:   cyrus_circular_temple

Skill      XL: |  1  2  3  4  5  6  7  8 |
---------------+-------------------------+-----
Fighting       | 1 2 3 4 |  4.3
Stealth        | 1 2 3 4 |  4.0
Dodging        | 2 3 |  3.1
Transmutations | 3 4 5 |  5.0
Poison Magic   | 1 2 |  2.8
Spellcasting   | 3 |  3.9
Unarmed Combat | 4 |  4.3

Action                   |  1- 3 |  4- 6 |  7- 9 || total
-------------------------+-------+-------+-------++-------
Melee: Unarmed           |    98 |   165 |   200 ||   463
       Kick              |    19 |     4 |       ||    23
       Bite              |    15 |    18 |    19 ||    52
       Punch             |     1 |     4 |     1 ||     6
       Headbutt          |    12 |     2 |       ||    14
 Cast: Beastly Appendage |    19 |     6 |       ||    25
       Spider Form       |       |    10 |    19 ||    29
  Use: Scroll            |     1 |       |     3 ||     4
       Potion            |       |       |     9 ||     9
 Stab: Sleeping          |     2 |     3 |     6 ||    11
       Distracted        |       |       |     1 ||     1
Armor: Robe              |    16 |    36 |    27 ||    79
       Skin              |       |    13 |    13 ||    26
Dodge: Dodged            |    57 |   153 |   175 ||   385
